 Dungeon Crawl Stone Soup version 0.26-a0-812-g31a745ddcd (webtiles) character file.

Game seed: 16641927683830750943

81545 ANON1729 the Impaler (level 15, -5/129 HPs)
             Began as a Merfolk Gladiator on Nov 13, 2020.
             Was the Champion of Fedhas.
             Slain by a two-headed ogre
             ... wielding a +0 giant spiked club
              (6 damage)
             ... while paralysed by an ogre mage
             ... on level 2 of the Orcish Mines.
             The game lasted 01:02:04 (36415 turns).

ANON1729 the Impaler (Merfolk Gladiator)           Turns: 36415, Time: 01:02:05

Health: -5/129     AC: 10    Str: 20    XL:     15   Next: 70%
Magic:  26/27      EV:  2    Int:  7    God:    Fedhas [******]
Gold:   3870       SH:  0    Dex: 17    Spells: 14/14 levels left

rFire    + . .     SeeInvis .   Q - +2 trident (protect)
rCold    . . .     Faith    .   (no shield)
rNeg     . . .     Spirit   .   b - +3 leather armour {rF+}
rPois    .         Reflect  +   c - +0 helmet
rElec    +         Harm     .   f - +1 cloak
rCorr    .         Rampage  .   u - +0 pair of gloves
MR       +....                  (no boots)
Stlth    ++........             X - amulet of reflection
HPRegen  0.31/turn              i - +4 ring of evasion
MPRegen  0.20/turn              W - ring of Teurph {rElec EV+4 Stlth+}

@: paralysed, studying Fighting
A: change form in water, swift swim, stealthy swim
a: Wall of Briars, Grow Ballistomycete, Overgrow, Grow Oklob, Renounce Religion


You were on level 2 of the Orcish Mines.
You worshipped Fedhas.
Fedhas was exalted by your worship.
You visited 4 branches of the dungeon, and saw 22 of its levels.
You also visited: Bailey and Volcano.

You collected 4308 gold pieces.
You spent 438 gold pieces at shops.

Inventory:

Hand Weapons
 Q - a +2 trident of protection (weapon)
 V - a +2 antimagic trident
Missiles
 d - 5 throwing nets
 g - 35 poisoned darts (quivered)
Armour
 b - a +3 leather armour of fire resistance (worn)
 c - a +0 helmet (worn)
 f - a +1 cloak (worn)
 u - a +0 pair of gloves (worn)
 J - a +3 leather armour of poison resistance
 R - a +0 troll leather armour
Jewellery
 i - a +4 ring of evasion (left hand)
 A - an uncursed amulet of faith
 E - the ring "Lasiemep" {Fire Dex+4}
   (You found it on level 1 of the Lair of Beasts)

   [ring of fire]

   It enhances your fire magic.
   It affects your dexterity (+4).
   It protects you from fire.
   It makes you vulnerable to cold.
 T - an uncursed ring of resist corrosion
 W - the ring of Teurph (right hand) {rElec EV+4 Stlth+}
   (You found it on level 5 of the Lair of Beasts)

   [ring of evasion]

   It affects your evasion (+4).
   It insulates you from electricity.
   It makes you more stealthy.
 X - an amulet of reflection (around neck)
Wands
 h - a wand of iceblast (12)
 m - a wand of flame (46)
 x - a wand of polymorph (18)
 y - a wand of paralysis (14)
 G - a wand of digging (5)
 P - a wand of acid (8)
Scrolls
 e - 5 scrolls of immolation
 j - 8 scrolls of amnesia
 k - 13 scrolls of teleportation
 l - 6 scrolls of fear
 n - 13 scrolls of remove curse
 p - 2 scrolls of enchant armour
 s - a scroll of silence
 z - 6 scrolls of blinking
 F - a scroll of brand weapon
 H - 4 scrolls of fog
 I - 5 scrolls of magic mapping
 K - a scroll of holy word
 O - 3 scrolls of summoning
Potions
 a - 3 potions of resistance
 o - 4 potions of berserk rage
 q - 14 potions of curing
 r - 3 potions of lignification
 t - 5 potions of mutation
 v - 3 potions of haste
 w - 5 potions of heal wounds
 B - a potion of brilliance {unknown}
 C - 3 potions of invisibility
 D - 3 potions of might
 L - 4 potions of attraction
 S - 2 potions of magic
 Y - 4 potions of ambrosia
Books
 M - a manual of Fighting
Miscellaneous
 N - a phantom mirror
 U - a phantom mirror


   Skills:
 * Level 15.4 Fighting
 + Level 17.6 Polearms
 - Level 3.5 Throwing
 + Level 16.2 Dodging
 * Level 16.3 Invocations


You had 14 spell levels left.
You didn't know any spells.
Your spell library contained the following spells:

 Spells                   Type           Power        Failure   Level
 Foxfire                  Conj/Fire      #...         50%         1
 Summon Demon             Summ           #.........   100%        5
 Summon Forest            Summ/Tloc      #.........   100%        5
 Summon Mana Viper        Hex/Summ       #.......     100%        5
 Shadow Creatures         Summ           N/A          100%        6
 Summon Hydra             Summ           #.........   100%        7


Dungeon Overview and Level Annotations

Branches:
Dungeon (13/15)            Temple (1/1) D:6            Lair (6/6) D:11
  Swamp (0/4) Lair:3       Spider (0/4) Lair:2        Slime (0/5) Lair:6
    Orc (2/2) D:9             Elf (0/3) Orc:2        Vaults (0/5) D:13
 Bailey (visited)         Volcano (visited)

Altars:
Ashenzari
Cheibriados
Dithmenos
Elyvilon
Fedhas
Gozag
Hepliaklqana
Kikubaaqudgha
Makhleb
Nemelex Xobeh
Okawaru
Qazlal
Ru
Sif Muna
Trog
Uskayaw
Vehumet
Xom
Yredelemnul
Zin
The Shining One
Beogh

Shops:
D:4 !   D:6 ?

Portals:
Trove: D:12 (give horn of Geryon)

Annotations:
D:5 2 transporters
D:6 1 runed translucent door, anything's ghost, novice DgSu


Message History

You kill the ogre!
Fedhas accepts your kill.
An orc wizard comes into view. It is wielding a -3 dagger.
An orc comes into view. It is wielding a +0 whip.
The orc warrior hits you with a +0 war axe!!
* * * LOW HITPOINT WARNING * * *
You hear two shouts!
You hear a shout! x2
A ballistomycete spore comes into view.
The two-headed ogre seems less confused.
The ogre mage gestures at the ogre while chanting.
The ogre seems to speed up.
The orc priest invokes the aid of Beogh against you.
Beogh smites you!
* * * LOW HITPOINT WARNING * * *
The orc wizard mumbles some strange words.
The orc wizard seems to speed up.
The ogre mage hits you but does no damage.
The two-headed ogre hits you with a +0 giant spiked club.
You die...
Fedhas appreciates your contribution to the ecosystem.

#...#.## ##.### ##
##..#...# ### #
##.###...##.##
#...#...## ##
####...##..##
..#.#.....#...#
..............###.#
........oO#........
.........#@##......
...ooo..Oo)O###.#.#
.....P..).O## ## #
........*.O#
..........##
.......)..##
......O....########
...................
...................


You could see 2 two-headed ogres, an ogre mage (fast), 2 orc warriors, 3 ogres,
an orc priest, an orc wizard (fast), an orc, a friendly ballistomycete
(summoned) and a friendly ballistomycete spore.

Vanquished Creatures
  Kirke (D:13)
  An orc warlord (Orc:1)
  Nessos (D:12)
  A fire dragon (Lair:6)
  Erolcha (D:12)
  An ogre mage (D:13)
  A catoblepas (Lair:4)
  2 hydras
  A boulder beetle (Lair:6)
  7 two-headed ogres
  4 centaur warriors
  Erica (D:9)
  4 skeletal warriors (D:13)
  4 unseen horrors
  3 orc knights (Bailey)
  A lindwurm (Lair:6)
  5 ugly things
  A deep elf mage (D:10)
  5 cyclopes
  A manticore (D:12)
  3 orc sorcerers
  4 slime creatures (D:13)
  12 elephants
  Maurice (D:12)
  A torpor snail (Lair:6)
  A smoke demon (Volcano)
  Joseph (D:8)
  12 black mambas
  3 molten gargoyles
  12 cane toads
  A gargoyle (D:11)
  13 komodo dragons
  2 rime drakes (Lair:5)
  4 yaktaurs
  2 kobold demonologists (Bailey)
  Prince Ribbit (D:5)
  A polar bear (Lair:3)
  A hornet (Lair:4)
  6 trolls
  A queen bee (Lair:2)
  11 blink frogs
  4 dream sheep
  2 shadows
  11 wyverns
  2 wraiths
  2 vampires (D:13)
  A hog (D:13)
  8 basilisks
  48 yaks
  4 steam dragons
  3 wargs
  24 water moccasins
  An acid dragon (Lair:5)
  6 hell hounds
  An ice beast (D:11)
  22 orc warriors
  A swamp drake (Lair:2)
  3 sky beasts
  5 black bears
  3 phantoms
  A boggart (D:12)
  2 eyes of draining
  15 ogres
  12 wolves
  17 centaurs
  5 big kobolds
  A big kobold (shapeshifter) (D:10)
  16 bullfrogs
  A gnoll sergeant (D:10)
  A wyvern zombie (D:9)
  11 scorpions
  26 killer bees (Lair:2)
  15 wights
  8 electric eels
  5 lava snakes (Lair:6)
  4 bullfrog zombies
  4 centaur zombies
  7 hounds
  2 quasits
  5 bullfrog skeletons
  4 centaur skeletons
  3 jellies
  12 orc priests
  Jessica (D:3)
  12 orc wizards
  11 worker ants
  5 iguanas
  A hell rat (Lair:2)
  2 hound skeletons
  3 worker ant zombies
  14 adders
  20 gnolls
  A howler monkey skeleton (D:7)
  2 shadow imps
  5 white imps
  5 ufetubi
  An ooze (D:1)
  3 adder skeletons
  3 worms (D:2)
  3 dart slugs
  6 leopard geckos
  74 orcs
  2 ball pythons
  7 giant cockroaches
  20 goblins
  17 hobgoblins
  7 jackals
  18 kobolds
  8 quokkas
  7 bats
  8 frilled lizards
  12 rats
  A ballistomycete spore (D:13)
746 creatures vanquished.

Vanquished Creatures (collateral kills)
  A hydra (Lair:3)
  A cane toad (Lair:6)
  A blink frog (Lair:6)
  2 wyverns (Lair:6)
  A basilisk (Lair:6)
  46 ballistomycete spores
52 creatures vanquished.

Vanquished Creatures (others)
  2 oklob plants
  A komodo dragon (Lair:6)
  A human (D:13)
  A hound (D:13)
  A kobold (D:13)
  A ballistomycete spore (D:13)
  A bush (Lair:6)
  34 fungi
  61 plants
103 creatures vanquished.

Grand Total: 901 creatures vanquished

Notes
Turn   | Place    | Note
-------+----------+-------------------------------------------
     0 | D:1      | ANON1729 the Merfolk Gladiator began the quest for the Orb.
     0 | D:1      | Reached XP level 1. HP: 16/16 MP: 1/1
   124 | D:1      | Reached XP level 2. HP: 23/23 MP: 2/2
   496 | D:1      | Reached XP level 3. HP: 20/28 MP: 3/3
   775 | D:1      | Reached skill level 5 in Polearms
   899 | D:2      | Found an ancient bone altar of Kikubaaqudgha.
  1177 | D:2      | Found a broken altar of Ashenzari.
  1623 | D:1      | Reached XP level 4. HP: 4/35 MP: 4/4
  2028 | D:2      | Reached skill level 5 in Dodging
  2028 | D:2      | Reached XP level 5. HP: 26/41 MP: 5/5
  3229 | D:3      | Reached skill level 6 in Polearms
  3229 | D:3      | Reached XP level 6. HP: 47/48 MP: 6/6
  3333 | D:3      | Noticed Jessica
  3343 | D:3      | Killed Jessica
  3456 | D:3      | Found a shimmering altar of Xom.
  4379 | D:4      | Found a sparkling altar of Nemelex Xobeh.
  4657 | D:4      | Got a pitted ring mail
  4668 | D:4      | Identified the cursed +0 ring mail of the Evening Star
                  | {Int+4} (You found it on level 4 of the Dungeon)
  4699 | D:4      | Reached XP level 7. HP: 54/55 MP: 7/7
  4781 | D:4      | Reached skill level 7 in Polearms
  4965 | D:4      | Found Awenn's Distillery.
  4983 | D:4      | Reached skill level 5 in Fighting
  5008 | D:4      | Bought a potion of degeneration for 11 gold pieces
  5008 | D:4      | Bought a potion of berserk rage for 55 gold pieces
  5011 | D:4      | Bought a potion of might for 44 gold pieces
  5011 | D:4      | Bought a potion of curing for 33 gold pieces
  5365 | D:5      | Entered Level 5 of the Dungeon
  5786 | D:5      | Reached skill level 8 in Polearms
  5786 | D:5      | Reached XP level 8. HP: 51/63 MP: 8/8
  5890 | D:5      | Found a transporter.
  5948 | D:5      | Found a transporter.
  6058 | D:5      | Noticed Prince Ribbit
  6073 | D:5      | Killed Prince Ribbit
  6073 | D:5      | Reached skill level 9 in Polearms
  6559 | D:5      | Found a snail-covered altar of Cheibriados.
  6982 | D:6      | Reached skill level 10 in Polearms
  6982 | D:6      | Reached XP level 9. HP: 65/72 MP: 9/9
  7238 | D:6      | Found a staircase to the Ecumenical Temple.
  7263 | Temple   | Entered the Ecumenical Temple
  7533 | Temple   | Became a worshipper of Fedhas Madash
  7631 | D:6      | Reached skill level 1 in Invocations
  7665 | D:6      | Found Ythril's Magic Scroll Shoppe.
  7676 | D:6      | Bought a scroll of blinking for 82 gold pieces
  7676 | D:6      | Bought a scroll of blinking for 82 gold pieces
  7676 | D:6      | Bought a scroll of fear for 38 gold pieces
  7676 | D:6      | Bought a scroll of identify for 22 gold pieces
  7676 | D:6      | Bought a scroll of amnesia for 38 gold pieces
  7718 | D:6      | Found a shimmering blue altar of Sif Muna.
  7740 | D:6      | Identified Sif Muna's Tome of Flames
  7824 | D:6      | Found a runed translucent door.
  8117 | D:6      | Noticed anything's ghost (novice DgSu)
  8131 | D:6      | Bought a scroll of remove curse for 33 gold pieces
  8707 | D:7      | Reached * piety under Fedhas
  8829 | D:7      | Reached skill level 10 in Dodging
  9113 | D:7      | Reached skill level 11 in Polearms
  9623 | D:8      | Reached XP level 10. HP: 38/80 MP: 13/13
 10020 | D:8      | Found a flagged portal.
 10041 | Bailey   | Entered a bailey
 10058 | Bailey   | Reached ** piety under Fedhas
 10228 | Bailey   | Reached skill level 5 in Invocations
 10280 | Bailey   | Found an iron altar of Okawaru.
 10280 | Bailey   | Noticed a kobold demonologist
 10280 | Bailey   | Noticed a kobold demonologist
 10309 | Bailey   | Noticed a smoke demon
 10328 | Bailey   | Noticed an orc knight
 10438 | Bailey   | Noticed an orc knight
 10597 | Bailey   | Killed an orc knight
 10932 | Bailey   | Killed a kobold demonologist
 10957 | Bailey   | Noticed a sun demon
 10965 | Bailey   | Noticed a sixfirhy
 10992 | Bailey   | Killed a kobold demonologist
 11317 | Bailey   | Killed an orc knight
 11317 | Bailey   | Reached skill level 12 in Polearms
 11537 | Bailey   | Noticed an orc knight
 11594 | Bailey   | Killed an orc knight
 12211 | Bailey   | Acquired 1120 gold pieces
 12265 | D:8      | You fall into a shaft and drop 2 floors!
 12265 | D:10     | Entered Level 10 of the Dungeon
 12362 | D:8      | Reached *** piety under Fedhas
 12992 | D:8      | Reached XP level 11. HP: 86/89 MP: 16/16
 13172 | D:8      | Acquired 878 gold pieces
 13178 | D:8      | Noticed Joseph
 13206 | D:8      | Killed Joseph
 13683 | D:9      | Found a bloodstained altar of Trog.
 14042 | D:9      | Noticed a centaur warrior
 14059 | D:9      | Killed a centaur warrior
 14307 | D:9      | Noticed a cyan ugly thing
 14468 | D:9      | Found a staircase to the Orcish Mines.
 14565 | D:9      | Noticed Erica
 14585 | D:9      | Killed Erica
 14626 | D:9      | Found a bloodstained altar of Trog.
 14746 | D:9      | Reached **** piety under Fedhas
 15134 | D:9      | Killed a cyan ugly thing
 15134 | D:9      | Reached skill level 13 in Polearms
 15166 | D:9      | Found a stormy altar of Qazlal.
 15371 | D:10     | Reached skill level 10 in Fighting
 15621 | D:10     | Found a runed translucent door.
 15649 | D:10     | Noticed a two-headed ogre
 15663 | D:10     | Killed a two-headed ogre
 15905 | D:10     | Found a runed translucent door.
 16568 | D:10     | Reached skill level 10 in Invocations
 16648 | D:10     | Killed an unseen horror
 16928 | D:10     | Noticed a deep elf mage
 16977 | D:10     | Killed a deep elf mage
 16977 | D:10     | Reached XP level 12. HP: 98/98 MP: 17/19
 17454 | D:11     | Noticed a centaur warrior
 17838 | D:11     | Killed a centaur warrior
 18068 | D:11     | Noticed a centaur warrior
 18084 | D:11     | Killed a centaur warrior
 18150 | D:11     | Reached skill level 14 in Polearms
 18244 | D:11     | Found a staircase to the Lair.
 18574 | D:11     | Noticed a two-headed ogre
 18589 | D:11     | Killed a two-headed ogre
 18782 | D:12     | Noticed Maurice
 18795 | D:12     | Killed Maurice
 18950 | D:12     | Noticed Erolcha
 18985 | D:12     | Killed Erolcha
 19359 | D:12     | Found a portal to a secret trove of treasure.
 19495 | D:12     | Noticed Nessos
 19519 | D:12     | Killed Nessos
 20513 | D:13     | Reached XP level 13. HP: 64/106 MP: 18/22
 21398 | D:12     | Reached skill level 15 in Polearms
 21588 | D:13     | Noticed an ogre mage
 22093 | D:13     | Reached ***** piety under Fedhas
 22972 | D:13     | Killed an ogre mage
 23143 | D:13     | Found Hysk's Assorted Antiques.
 23146 | D:13     | Noticed Kirke
 23162 | D:13     | Killed Kirke
 23208 | D:13     | Found a gate to the Vaults.
 24330 | Lair:1   | Entered Level 1 of the Lair of Beasts
 25220 | Lair:1   | Got a faintly glowing turquoise ring
 25223 | Lair:1   | Identified the ring "Lasiemep" {Fire Dex+4} (You found it
                  | on level 1 of the Lair of Beasts)
 25728 | Lair:2   | Reached XP level 14. HP: 109/116 MP: 24/24
 25979 | Lair:2   | Reached skill level 16 in Polearms
 26386 | Lair:2   | Found a hole to the Spider Nest.
 27368 | Lair:3   | Found a staircase to the Swamp.
 27372 | Lair:3   | Reached skill level 15 in Dodging
 27579 | Lair:3   | Found a dark tunnel.
 27648 | Volcano  | Entered a volcano
 30091 | Lair:4   | Reached skill level 15 in Invocations
 30361 | Lair:4   | Reached ****** piety under Fedhas
 30610 | Lair:4   | Acquired a manual of Fighting
 31681 | Lair:5   | Got a twitching golden ring
 31683 | Lair:5   | Identified the ring of Teurph {rElec EV+4 Stlth+} (You
                  | found it on level 5 of the Lair of Beasts)
 32331 | Lair:5   | Reached skill level 17 in Polearms
 32331 | Lair:5   | Reached XP level 15. HP: 109/124 MP: 26/26
 32573 | Lair:6   | Entered Level 6 of the Lair of Beasts
 33477 | Lair:6   | Found a staircase to the Slime Pits.
 33937 | Lair:6   | Found a large runed translucent door.
 33938 | Lair:6   | Found a large runed translucent door.
 35016 | Orc:1    | Entered Level 1 of the Orcish Mines
 35073 | Orc:1    | Reached skill level 15 in Fighting
 35256 | Orc:1    | Noticed an orc warlord
 35304 | Orc:1    | Killed an orc warlord
 35939 | Orc:1    | Found a roughly hewn altar of Beogh.
 36059 | Orc:2    | Entered Level 2 of the Orcish Mines
 36194 | Orc:2    | Found a staircase to the Elven Halls.
 36267 | Orc:1    | Found a bloodstained altar of Trog.
 36409 | Orc:2    | Paralysed by an ogre mage for 6 turns
 36415 | Orc:2    | HP: 1/129 [orc priest/divine providence (17)]
 36415 | Orc:2    | Slain by a two-headed ogre

Illustrated notes

Levels and vault maps discovered:
D:1:      minmay_arrival_nine_rooms, layout_basic, minmay_split_cup_large
D:2:      minmay_diamond_boxcup, layout_rooms, lemuel_crystal_altar,
          ashenzari_conservatory_becter, minmay_tromino_mix6
D:3:      layout_loops_corners, brannock_xom_greatest_gift, uniq_jessica
D:4:      layout_loops_ring, nemelex_xobeh_ov_fountains_minmay,
          nicolae_overflow_hidden_temple, serial_shops, shop
D:5:      layout_gridville, kennysheep_little_box,
          gammafunk_ghost_abyssal_escape, uniq_prince_ribbit1
D:6:      layout_loops_ring, led_sif_book, minmay_temple_entry_statues_pillars,
          ebering_ghost_reflecting_pool, serial_shops, shop_scrolls,
          minmay_increasing_density
D:7:      layout_basic
D:8:      layout_basic, enter_bailey_3, chequers_hall_statues_wall_a,
          uniq_joseph
D:9:      minmay_curly_fans, layout_small_grid, nicolae_overflow_crystal_walls,
          nicolae_qazlal_general_emergency, grunt_ministairs_2,
          minmay_misc_feat_chi, trog_ov_bears_minmay, uniq_erica
D:10:     cheibrodos_histonic, layout_irregular_city
D:11:     layout_roguey, dpeg_oklobed_lair, nicolae_benzene_ring,
          hangedman_decor_lopped
D:12:     layout_loops_ring, enter_trove_2, uniq_erolcha, uniq_maurice,
          uniq_nessos
D:13:     layout_layer_cave, hangedman_vaults_entry_quadrant_bands,
          serial_shops, nicolae_shop_trees, uniq_kirke
Temple:   nicolae_temple_figure_eight
Lair:1:   layout_misc_corridors, infiniplex_staircase_pool,
          serial_bayou_shore_a, grunt_megastairs_5, serial_bayou_shore_b
Lair:2:   regret_index_tunnel_blossom, layout_gridlike,
          spider_nest_entry_web_field, grunt_megastairs_3
Lair:3:   layout_cave_pods, minmay_swamp_entry_reptiles, enter_volcano_4
Lair:4:   layout_cave_pods, chequers_serial_rivers_marsh, grunt_megastairs_4
Lair:5:   layout_roguey, guppyfry_lair_drakes
Lair:6:   cheibrodos_lair_end_hotspot, layout_concentric_octagons, slime_dummy
Orc:1:    layout_diamond_mine, basic_altar, minmay_orc_temple_b
Orc:2:    st_orc_ogre_mass, layout_caves, kennysheep_orc_chapel, uniq_azrael

Skill      XL: |  1  2  3  4  5  6  7  8  9 10 11 12 13 14 15 |
---------------+----------------------------------------------+-----
Polearms       | 5 6 8 10 11 12 13 14 15 17 | 17.6
Fighting       | 3 4 5 7 8 9 10 11 12 13 15 | 15.4
Throwing       | 3 |  3.5
Dodging        | 5 6 7 9 10 11 12 13 14 15 16 | 16.2
Invocations    | 4 7 10 12 13 15 16 | 16.3

Action                   |  1- 3 |  4- 6 |  7- 9 | 10-12 | 13-15 || total
-------------------------+-------+-------+-------+-------+-------++-------
Melee: Trident           |   135 |   273 |   548 |  1393 |  2498 ||  4847
       Tailslap          |       |       |       |    30 |    17 ||    47
Throw: Dart              |       |     6 |     8 |     3 |       ||    17
Invok: Grow Ballistomyce |       |       |       |     5 |     5 ||    10
       Grow Oklob        |       |       |       |       |     3 ||     3
Evoke: Wand              |       |       |       |    25 |     9 ||    34
  Use: Potion            |     1 |     1 |       |       |     3 ||     5
       Scroll            |       |       |     7 |     8 |    17 ||    32
 Stab: Sleeping          |     1 |     8 |     7 |    12 |    11 ||    39
       Distracted        |       |       |     3 |     1 |     2 ||     6
       Paralysed         |       |       |       |     5 |       ||     5
       Confused          |       |       |       |     2 |     8 ||    10
Armor: Leather armour    |    29 |    39 |       |   101 |   280 ||   449
       Ring mail         |       |     1 |    61 |    45 |       ||   107
Dodge: Dodged            |   113 |   178 |   343 |   977 |  1926 ||  3537
Block: Other             |       |       |       |       |   353 ||   353
       Reflection        |       |       |       |       |     4 ||     4

Table legend: (Time is in decaauts)
 A = Elapsed time spent in this place.
 B = Non-inter-level travel time spent in this place.
 C = Inter-level travel time spent in this place.
 D = Time resting spent in this place.
 E = Time spent auto-exploring this place.
 F = Levels seen in this place.
 G = Mean time per level.
                   A        B        C        D        E       F      G
               +--------+--------+--------+--------+--------+-----+--------+
         Total |  34709 |  33365 |   1344 |   8691 |  18255 |  24 | 1446.2 |
       Dungeon |  21237 |  20392 |    845 |   6074 |  10739 |  13 | 1633.6 |
        Temple |    285 |    261 |     24 |      0 |    244 |   1 |  285.0 |
          Lair |   9335 |   8963 |    372 |   1175 |   5997 |   6 | 1555.8 |
  Orcish Mines |   1300 |   1198 |    102 |    256 |    654 |   2 |  650.0 |
        Bailey |   1992 |   1992 |      0 |   1109 |    323 |   1 | 1992.0 |
       Volcano |    558 |    558 |      0 |     77 |    297 |   1 |  558.0 |
               +--------+--------+--------+--------+--------+-----+--------+

Top non-repeatable levels by time:
    D:12: 3143 daAuts
    D:13: 2189 daAuts
  Bailey: 1992 daAuts
    D:10: 1972 daAuts
  Lair:3: 1953 daAuts
     D:1: 1869 daAuts
  Lair:6: 1825 daAuts
     D:7: 1733 daAuts
     D:8: 1547 daAuts
  Lair:2: 1528 daAuts
     D:9: 1516 daAuts
     D:4: 1482 daAuts
  Lair:4: 1399 daAuts
  Lair:5: 1341 daAuts
    D:11: 1317 daAuts
